 Dungeon Crawl Stone Soup version 0.23-a0-171-g5ae17c6 (webtiles) character file.

1184 iamserjio the Blocker (level 8, 0/72 HPs)
             Began as an Octopode Wanderer on Sept 13, 2018.
             Was an Initiate of Hepliaklqana.
             Slain by a wyvern zombie (10 damage)
             ... on level 6 of the Dungeon.
             The game lasted 00:21:37 (9304 turns).

iamserjio the Blocker (Octopode Wanderer)           Turns: 9304, Time: 00:21:38

Health: 0/72       AC:  1    Str: 14    XL:     8   Next: 42%
Magic:  9/9        EV: 12    Int: 17    God:    Hepliaklqana [......]
Gold:   631        SH: 10    Dex: 13    Spells: 7/7 levels left

rFire    x . .     SeeInvis .   l - +1 spear
rCold    + . .     Gourm    .   n - +0 shield
rNeg     . . .     Faith    .   (helmet restricted)
rPois    .         Spirit   .   (no amulet)
rElec    .         Reflect  .   p - ring of ice
rCorr    .         Harm     .   (no ring)
MR       .....                  (no ring)
Stlth    ..........             (no ring)
HPRegen  0.22/turn              (no ring)
MPRegen  0.11/turn              (no ring)
                                (no ring)
                                (no ring)

@: berserking, very quick
A: almost no armour, stealthy swim, amphibious, 8 rings, constrict 8, reduced
essence, camouflage 1, gelatinous body 1
a: Recall Ancestor, Ancestor Identity, Renounce Religion


You were on level 6 of the Dungeon.
You worshipped Hepliaklqana.
Hepliaklqana was noncommittal.
You were hungry.

You visited 1 branch of the dungeon, and saw 6 of its levels.
You also visited: Ossuary.

You collected 631 gold pieces.

Inventory:

Hand Weapons
 c - a +0 rapier
 l - a +1 spear (weapon)
 y - a +0 blowgun
 z - a +4 dagger
 B - a +0 falchion
Missiles
 e - 171 stones
 g - 63 arrows
 q - 2 throwing nets (quivered) {!f}
 w - 11 poisoned needles
 H - 6 needles of confusion
Armour
 n - a +0 shield (worn)
Jewellery
 j - an uncursed amulet of the gourmand {unknown}
 p - a ring of ice (left tentacle)
 s - an uncursed amulet of the acrobat {unknown}
 D - an uncursed amulet of guardian spirit {unknown}
Wands
 F - a wand of flame (29)
 L - a wand of scattershot (6)
Scrolls
 a - 2 scrolls of blinking
 m - 3 scrolls of remove curse {@r2}
 o - 4 scrolls of enchant weapon
 r - a scroll of magic mapping {unknown}
 x - a scroll of identify {unknown}
 E - a scroll of holy word {unknown}
 G - a scroll of immolation {unknown}
 K - a scroll of teleportation {unknown}
Potions
 b - a potion of berserk rage
 k - a potion of agility {unknown}
 u - a potion of heal wounds {unknown}
 v - 2 potions of mutation {unknown}
 A - 2 potions of flight {unknown}
 I - a potion of experience {unknown}
Comestibles
 f - 10 rations


   Skills:
 + Level 4.2 Fighting
 - Level 0.9 Short Blades
 * Level 2.8 Polearms
 + Level 2.4 Dodging
 - Level 1.3 Stealth
 - Level 8.0 Shields
 - Level 3.0 Unarmed Combat
 - Level 2.1 Evocations


You had 7 spell levels left.
You didn't know any spells.
Your spell library was empty.

Dungeon Overview and Level Annotations

Branches:
Dungeon (6/15)
 Temple: D:4-7

Altars:
Elyvilon
Hepliaklqana
Zin


Innate Abilities, Weirdness & Mutations

You cannot wear most types of armour.
You are very stealthy in the water. (Stealth+)
You are amphibious.
You can wear up to eight rings at the same time.
You can use your tentacles to constrict eight enemies at once.
Your skin changes colour to match your surroundings (Stealth+).
Your rubbery body absorbs attacks. (AC +1, EV +1)
Your life essence is reduced to manifest your ancestor. (-10% HP)


Message History

The orc priest mumbles some strange prayers to Beogh against you.
Pain shoots through your body!
Attack whom?
Aim: an orc priest, wielding a mace (almost dead)
You reach to attack!
You barely miss the orc priest. You hit the orc priest.
You kill the orc priest!
Attack whom?
Aim: a wyvern zombie You reach to attack!
You hit the wyvern zombie. The wyvern zombie bites you!
You are too injured to fight recklessly!
You hit the wyvern zombie. You block the wyvern zombie's attack.
You hit the wyvern zombie but do no damage.
The wyvern zombie bites you!
A red film seems to cover your vision as you go berserk!
You feel yourself moving faster!
You feel mighty! The wyvern zombie misses you. The wyvern zombie bites you!
* * * LOW HITPOINT WARNING * * *
You puncture the wyvern zombie! The wyvern zombie bites you!
You die...

#### ## ###...##..
#......... .
#......... .o
#......... ...
......... #... #....#
#....##@...#
#....oZ....#
#.....#....#
#....$#....# ...
+.... #....#......#
#.... #....#......#
#.... #....##.....#
###....##....##.....#
....................#


You could see an orc and a wyvern zombie.

Vanquished Creatures
  Sigmund (D:5)
  An ogre (D:5)
  A phantom (D:4)
  A crimson imp (D:5)
  A hound (D:4)
  A human zombie (Ossuary)
  An orc wizard (D:4)
  2 orc priests
  A bullfrog skeleton (D:5)
  2 iguanas
  Natasha (thrice) (D:3)
  3 worker ants
  2 big kobold zombies (Ossuary)
  2 mummies (Ossuary)
  7 adders
  3 gnolls (D:3)
  3 oozes
  An adder skeleton (D:5)
  A worm (D:4)
  2 dart slugs
  8 leopard geckos
  7 orcs
  A giant cockroach (D:1)
  4 goblins
  10 hobgoblins
  4 jackals (D:5)
  9 kobolds
  2 quokkas (D:3)
  6 bats
  5 frilled lizards
  5 gnoll zombies
  A goblin zombie (Ossuary)
  3 hobgoblin zombies (Ossuary)
  A kobold zombie (D:5)
  A leopard gecko skeleton (D:4)
  3 orc zombies (Ossuary)
  A quokka skeleton (D:4)
  8 rats
  A rat zombie (D:5)
119 creatures vanquished.

Vanquished Creatures (collateral kills)
  An ice beast (D:5)
  A bullfrog zombie (D:5)
  A jelly (D:6)
  A worker ant (D:5)
  An ooze (D:3)
  2 orcs (D:6)
7 creatures vanquished.

Vanquished Creatures (others)
  2 ancestors
2 creatures vanquished.

Grand Total: 128 creatures vanquished

Notes
Turn   | Place    | Note
-------+----------+-------------------------------------------
     0 | D:1      | iamserjio the Octopode Wanderer began the quest for the
                  | Orb.
     0 | D:1      | iamserjio set off with: a scroll of blinking, a potion of
                  | berserk rage, 2 potions of curing {@q1}, a +0 dagger, a
                  | ration
     0 | D:1      | Reached XP level 1. HP: 14/14 MP: 1/1
   580 | D:1      | Reached XP level 2. HP: 20/20 MP: 2/2
  1220 | D:1      | Reached XP level 3. HP: 22/25 MP: 3/3
  2282 | D:2      | Reached XP level 4. HP: 31/31 MP: 4/4
  3195 | D:3      | Reached XP level 5. HP: 28/36 MP: 5/5
  3443 | D:3      | Noticed a phantom
  3887 | D:3      | Reached skill level 3 in Shields
  3907 | D:3      | Noticed Natasha
  3937 | D:3      | Killed Natasha
  4042 | D:3      | Noticed Natasha
  4055 | D:3      | HP: 1/37 [Natasha (8)]
  4056 | D:3      | Killed Natasha
  4452 | D:3      | Noticed Natasha
  4602 | D:3      | Killed Natasha
  4602 | D:3      | Reached XP level 6. HP: 30/43 MP: 6/6
  4730 | D:3      | Reached skill level 4 in Shields
  4829 | D:3      | Noticed an angel
  4830 | D:3      | Found a glowing silver altar of Zin.
  5190 | D:4      | Found the +6 lightning scales {run, rElec}
  6180 | D:4      | Reached skill level 5 in Shields
  6630 | D:5      | Entered Level 5 of the Dungeon
  6640 | D:5      | Found a sand-covered staircase.
  6660 | D:5      | Reached XP level 7. HP: 48/48 MP: 7/7
  6678 | Ossuary  | Entered an ossuary
  6888 | Ossuary  | Reached skill level 6 in Shields
  7248 | D:5      | Found a white marble altar of Elyvilon.
  7768 | D:5      | Noticed Sigmund
  8064 | D:5      | Found a hazy altar of Hepliaklqana.
  8070 | D:5      | Became a worshipper of Hepliaklqana the Forgotten
  8166 | D:5      | Killed Sigmund
  8166 | D:5      | Reached skill level 7 in Shields
  8594 | D:4      | Reached XP level 8. HP: 45/48 MP: 9/9
  8986 | D:5      | Reached skill level 8 in Shields
  9304 | D:6      | Slain by a wyvern zombie

Vault maps used:
D:1:      ncdulo_watergridlock
D:3:      zin_angel, hangedman_decor_opposing, corexii_corridor_pit,
          uniq_natasha
D:4:      first_ration
D:5:      kennysheep_mini, elyvilon_altar_3, enter_ossuary_3, kennysheep_dice,
          uniq_sigmund
D:6:      cheibrodos_quashed
Ossuary:  minmay_ossuary_gauntlet

Skill      XL: |  1  2  3  4  5  6  7  8 |
---------------+-------------------------+-----
Fighting       | 3 4 |  4.2
Dodging        | 2 |  2.4
Polearms       | 2 |  2.8
Shields        | 3 5 7 8 |  8.0
Evocations     | 2 |  2.1
Short Blades   | |  0.9
Stealth        | |  1.3
Unarmed Combat | |  3.0

Action                   |  1- 3 |  4- 6 |  7- 9 || total
-------------------------+-------+-------+-------++-------
Melee: Dagger            |    58 |       |       ||    58
       Constrict         |    18 |    36 |    27 ||    81
       Tentacles         |     9 |    26 |    29 ||    64
       Punch             |     1 |     5 |     4 ||    10
       Spear             |    36 |   192 |   143 ||   371
       Short sword       |     1 |       |       ||     1
 Fire: Blowgun           |       |       |     5 ||     5
Throw: Stone             |       |     2 |       ||     2
Evoke: Wand              |       |       |     5 ||     5
  Use: Potion            |     2 |     2 |     1 ||     5
       Scroll            |       |     3 |     1 ||     4
 Stab: Sleeping          |    11 |    10 |     3 ||    24
       Distracted        |       |     1 |     3 ||     4
  Eat: Chunk             |     4 |    13 |     2 ||    19
       Ration            |       |       |     2 ||     2
Armor: Skin              |     7 |     2 |     2 ||    11
Dodge: Dodged            |    39 |    59 |    32 ||   130
Block: Shield            |    14 |    51 |    34 ||    99

Table legend:
 A = Non-vault XP
 B = Vault XP
 C = Vault XP percentage of total XP
 D = Non-vault monster count
 E = Vault monster count
 F = Vault count percentage of total count
                 A         B        C        D         E       F
            +---------+---------+-------+---------+---------+-------
      Total |    1248 |     444 |  26.2 |     104 |      22 |  17.5
            +---------+---------+-------+---------+---------+-------
        D:1 |      42 |       0 |   0.0 |      24 |       0 |   0.0
        D:2 |      99 |       0 |   0.0 |      24 |       0 |   0.0
        D:3 |     205 |      36 |  14.9 |      21 |       1 |   4.5
        D:4 |     312 |       0 |   0.0 |      14 |       0 |   0.0
        D:5 |     505 |     260 |  34.0 |      15 |       5 |  25.0
        D:6 |      85 |       0 |   0.0 |       6 |       0 |   0.0
    Ossuary |       0 |     148 | 100.0 |       0 |      16 | 100.0
            +---------+---------+-------+---------+---------+-------
